 Dungeon Crawl Stone Soup version 0.28.0-47-ge53b351184 (webtiles) character file.

Game seed: 14550084604646025975

2723 Exodus22XD the Cleaver (level 9, -10/79 HPs)
             Began as a Hill Orc Monk on May 7, 2022.
             Was a Believer of Beogh.
             Killed from afar by a gargoyle (19 damage)
             ... with a stone arrow
             ... on level 7 of the Dungeon.
             The game lasted 00:10:35 (8512 turns).

Exodus22XD the Cleaver (Hill Orc Monk)              Turns: 8512, Time: 00:10:35

Health: -10/79     AC: 21    Str: 24    XL:     9   Next: 66%
Magic:  9/9        EV:  3    Int: 10    God:    Beogh [**....]
Gold:   315        SH:  8    Dex: 13    Spells: 8/8 levels left

rFire   + . .      SeeInvis .   G - +0 hand axe (vorpal)
rCold   + . .      Faith    .   E - +0 kite shield
rNeg    . . .      Spirit   .   m - +0 gold dragon scales
rPois   +          Reflect  .   o - +0 helmet
rElec   .          Harm     +   g - scarf {harm}
rCorr   .          Rampage  .   r - +0 pair of gloves
Will    .....                   i - +0 pair of boots
Stlth   ..........              (no amulet)
HPRegen 0.23/turn               B - +6 ring of strength
MPRegen 0.11/turn               A - ring of poison resistance

@: no status effects
A: no striking features
a: Renounce Religion, Smiting


You were on level 7 of the Dungeon.
You worshipped Beogh.
Beogh was pleased with you.
You visited 1 branch of the dungeon, and saw 7 of its levels.

You collected 315 gold pieces.

Inventory:

Hand Weapons
 a - a +0 hand axe
 G - a +0 vorpal hand axe (weapon)
 H - a +3 whip
 J - a +4 hand axe
Armour
 c - a +0 ring mail
 g - a scarf of harm (worn)
 i - a +0 pair of boots (worn)
 m - +0 gold dragon scales (worn)
 o - a +0 helmet (worn)
 r - a +0 pair of gloves (worn)
 v - a +2 leather armour of fire resistance
 E - a +0 kite shield (worn)
Jewellery
 y - a +4 ring of protection
 A - a ring of poison resistance (right hand)
 B - a +6 ring of strength (left hand)
Wands
 j - a wand of iceblast (9)
 D - a wand of acid (10)
Scrolls
 b - a scroll of fog {unknown}
 f - 2 scrolls of identify {unknown}
 h - a scroll of brand weapon {unknown}
 k - 2 scrolls of noise {unknown}
 l - a scroll of teleportation {unknown}
 n - a scroll of magic mapping {unknown}
 p - a scroll of blinking {unknown}
 q - a scroll of enchant weapon {unknown}
 t - a scroll of enchant armour {unknown}
 w - a scroll of acquirement {unknown}
 F - a scroll of vulnerability {unknown}
 I - a scroll of holy word {unknown}
 K - a scroll of fear {unknown}
Potions
 d - a potion of curing
 e - a potion of degeneration {unknown}
 s - a potion of brilliance {unknown}
 u - a potion of magic {unknown}
 x - a potion of resistance {unknown}
 z - 2 potions of flight {unknown}
 C - a potion of attraction {unknown}


   Skills:
 + Level 7.4 Fighting
 + Level 11.0 Axes
 * Level 9.0 Armour
 - Level 2.4 Dodging
 - Level 1.5 Stealth
 + Level 2.5 Shields


You had 8 spell levels left.
You didn't know any spells.
Your spell library was empty.

Dungeon Overview and Level Annotations

Branches:
Dungeon (7/15)             Temple (0/1) D:6

Altars:
Ashenzari
Qazlal
Trog
Uskayaw
Yredelemnul

Shops:
D:5 [

Annotations:
D:4 3 runed translucent doors, Bruhh's ghost, amateur HOFi
D:5 1 runed translucent door, CryoSword's ghost, novice OpTm


Message History

Things that are here:
a +0 spear; a gnoll corpse A shadow comes into view.
Found a book of Transfigurations.
The shadow hits you.
You closely miss the shadow.
The shadow slips into darkness.
The shadow flickers and vanishes!
Deactivating autopickup; reactivate with Ctrl-A.
You hit something.
The shadow strikes at you from the darkness!
Reactivating autopickup.
You hit the shadow.
The shadow is heavily damaged.
The shadow hits you.
You hit the shadow.
The shadow is severely damaged.
You hit the shadow.
The shadow is almost destroyed.
You block the shadow's attack.
You hit the shadow.
You destroy the shadow!
Beogh accepts your kill.
Your Axes skill increases to level 11!
Your Armour skill increases to level 9!
A gargoyle comes into view. It is wielding a +0 mace.
The gargoyle hurls a stone arrow at you.
The stone arrow hits you but does no damage.
You hit the gargoyle but do no damage. You block the gargoyle's attack.
You barely miss the gargoyle. The gargoyle hits you with a +0 mace!
You hit the gargoyle but do no damage. The gargoyle hits you with a +0 mace!
You hit the gargoyle but do no damage. You block the gargoyle's attack.
The gargoyle hurls a stone arrow at you.
The stone arrow hits you!
* * * LOW HITPOINT WARNING * * *
The gargoyle hurls a stone arrow at you.
The stone arrow hits you!
* * * LOW HITPOINT WARNING * * *
You feel better.
The gargoyle hurls a stone arrow at you.
The stone arrow hits you!
You die...

########## ..........#
#........).#
#........)<#
#.......)).#
#.........)#
#..........#
###........@.#
.............#
#..........###### ..
#.....9.........#
.......#####.#####.....#
.....$. ##..# #######
.......# #..##
........##.##
.........#.#


You could see a gargoyle.

Vanquished Creatures
  A manticore (D:7)
  A shadow (D:7)
  Eustachio (D:5)
  A black bear (D:7)
  2 necrophages (D:6)
  2 centaurs (D:7)
  2 phantoms
  2 bullfrogs
  4 scorpions
  A water moccasin zombie (D:6)
  2 water moccasin skeletons
  4 wights (D:7)
  2 howler monkeys
  2 bullfrog zombies (D:6)
  2 jellies
  A centaur skeleton (D:4)
  3 hounds
  A bullfrog skeleton (D:7)
  2 gnoll shamans
  2 iguanas (D:5)
  4 orc wizards
  A hound zombie (D:5)
  A hound skeleton (D:4)
  A howler monkey zombie (D:5)
  9 gnolls
  5 adders
  A white imp (D:7)
  An adder skeleton (D:4)
  A worm (D:2)
  13 orcs
  8 ball pythons
  6 endoplasms
  3 giant cockroaches
  5 goblins
  4 hobgoblins
  3 quokkas
  3 bats
  8 frilled lizards
  4 kobolds
  7 rats
  A spectral orc (D:3)
127 creatures vanquished.

Vanquished Creatures (others)
  12 plants (D:7)
  2 withered plants (D:5)
14 creatures vanquished.

Grand Total: 141 creatures vanquished

Notes
Turn   | Place    | Note
-------+----------+-------------------------------------------
     0 | D:1      | Exodus22XD the Hill Orc Monk began the quest for the Orb.
     0 | D:1      | Reached XP level 1. HP: 19/19 MP: 1/1
   241 | D:1      | Reached XP level 2. HP: 24/27 MP: 2/2
   500 | D:1      | Reached skill level 1 in Armour
   871 | D:2      | Reached XP level 3. HP: 33/33 MP: 3/3
  1389 | D:2      | Reached skill level 5 in Axes
  1771 | D:2      | Reached XP level 4. HP: 34/40 MP: 4/4
  2180 | D:3      | Found a stormy altar of Qazlal.
  2258 | D:3      | Found a bloodstained altar of Trog.
  2894 | D:3      | Found a basalt altar of Yredelemnul.
  3252 | D:4      | Noticed an orc warrior
  3254 | D:4      | Found a runed translucent gate.
  3254 | D:4      | Found a runed translucent gate.
  3264 | D:4      | Found a runed translucent gate.
  3266 | D:4      | Noticed a scorpion
  3292 | D:4      | Reached XP level 5. HP: 33/47 MP: 5/5
  3725 | D:4      | Reached skill level 6 in Axes
  3890 | D:4      | Reached XP level 6. HP: 13/53 MP: 6/6
  4358 | D:5      | Entered Level 5 of the Dungeon
  4810 | D:4      | Noticed Bruhh's ghost (amateur HOFi)
  4838 | D:4      | Reached skill level 5 in Fighting
  4838 | D:4      | Reached skill level 7 in Axes
  4838 | D:4      | Reached skill level 5 in Armour
  4838 | D:4      | Reached XP level 7. HP: 58/61 MP: 7/7
  4901 | D:4      | Became a worshipper of Beogh the Brigand
  4901 | D:4      | Reached * piety under Beogh
  4901 | D:4      | Reached ** piety under Beogh
  5224 | D:5      | Noticed Eustachio
  5640 | D:5      | Killed Eustachio
  6085 | D:5      | Reached skill level 8 in Axes
  6125 | D:5      | Reached XP level 8. HP: 46/70 MP: 8/8
  6249 | D:5      | Found Peaggyi's Antique Armour Emporium.
  6294 | D:5      | Found a hide-covered altar of Uskayaw.
  6535 | D:5      | Found a runed translucent door.
  6536 | D:5      | Noticed CryoSword's ghost (novice OpTm)
  6653 | D:6      | Reached skill level 9 in Axes
  6877 | D:6      | Found a broken altar of Ashenzari.
  7147 | D:6      | Reached skill level 10 in Axes
  7334 | D:6      | Found a staircase to the Ecumenical Temple.
  7860 | D:7      | Reached XP level 9. HP: 68/78 MP: 9/9
  7916 | D:7      | Reached skill level 1 in Shields
  8160 | D:7      | Noticed a manticore
  8177 | D:7      | Killed a manticore
  8251 | D:7      | Noticed a cyan ugly thing
  8485 | D:7      | Reached skill level 11 in Axes
  8491 | D:7      | Noticed a gargoyle
  8506 | D:7      | HP: 3/79 [gargoyle/stone arrow (15)]
  8512 | D:7      | Killed from afar by a gargoyle

Illustrated notes

Levels and vault maps discovered:
D:1:      lemuel_arrival_river_bridge, layout_rooms, hex_medium
D:2:      layout_basic, serial_co_window_serial, co_window_corner_a,
          co_window_of_opportunity_a, co_window_cross_1, co_window_paths_b,
          co_window_of_opportunity_a, co_window_2corner, co_window_corner_ca,
          co_window_2corner, co_window_of_opportunity_c, co_window_paths_d,
          glass_columns_a, glass_columns_a, glass_columns_b, glass_columns_a,
          amcnicky_mini_rare_corridor_liquid, minmay_liquid_box
D:3:      layout_loops_corners, mainiacjoe_overflow_alcove_4,
          yredelemnul_forgotten_temple_becter, grunt_qazlal_clouds,
          chequers_arboretum, kennysheep_generic_room_9
D:4:      layout_loops_ring, gammafunk_ghost_split, kennysheep_generic_room_14
D:5:      layout_gridville, mainiacjoe_overflow_brackets, gammafunk_ghost_grave,
          serial_shops, shop, uniq_eustachio
D:6:      layout_basic, evilmike_ruin_ashenzari, minmay_temple_entry_hall,
          chequers_decorated_corner
D:7:      layout_rooms, minmay_shattered_shrine

Skill      XL: |  1  2  3  4  5  6  7  8  9 |
---------------+----------------------------+-----
Fighting       | 4 5 6 7 |  7.4
Armour         | 1 2 4 5 6 7 9 |  9.0
Axes           | 5 6 7 8 10 11 | 11.0
Shields        | 2 |  2.5
Dodging        | |  2.4
Stealth        | |  1.5

Action                   |  1- 3 |  4- 6 |  7- 9 || total
-------------------------+-------+-------+-------++-------
Melee: Hand axe          |   147 |   259 |   385 ||   791
       Punch             |     1 |     3 |     2 ||     6
Invok: Convert to Beogh  |       |       |     1 ||     1
  Use: Potion            |       |     5 |     2 ||     7
Armor: Ring mail         |    51 |   101 |   129 ||   281
       Gold dragon scale |       |       |   151 ||   151
Dodge: Dodged            |    74 |   153 |   198 ||   425
Block: Kite shield       |       |       |    53 ||    53
